 Dungeon Crawl Stone Soup version 0.29-a0-82-g837932c90e (webtiles) character file.

Game seed: 15047161242455900201

527 dmks the Magician (level 7, -10/45 HPs)
             Began as a Djinni Fire Elementalist on Feb 5, 2022.
             Was an Initiate of Ashenzari.
             Mangled by an orc warrior (12 damage)
             ... on level 4 of the Dungeon.
             The game lasted 00:12:46 (6139 turns).

dmks the Magician (Djinni Fire Elementalist)        Turns: 6139, Time: 00:12:46

Health: -10/45     AC:  2    Str:  7    XL:     7   Next: 47%
Gold:   165        EV: 13    Int: 19    God:    Ashenzari [......] SH:  0 Dex: 13

rFire   + + .      SeeInvis .   d - staff of air
rCold   x . .      Faith    .   (no shield)
rNeg    . . .      Spirit   .   a - +0 robe
rPois   ∞          Reflect  .   (no helmet)
rElec   +          Harm     .   (no cloak)
rCorr   .          Rampage  .   (no gloves)
Will    .....                   (boots unavailable)
Stlth   ++........              (no amulet)
HPRegen 0.15/turn               (no ring)
MPRegen 0.00/turn               (no ring)

@: flying, very slightly contaminated
A: sickness immunity, fire resistance 2, cold vulnerability 1, float, innate
caster, HP casting, extra vitality 1
a: Renounce Religion


You were on level 4 of the Dungeon.
You worshipped Ashenzari.
Ashenzari was noncommittal.
You visited 2 branches of the dungeon, and saw 6 of its levels.

You collected 165 gold pieces.

Inventory:

Hand Weapons
 j - the +7 captain's cutlass {speed, disarm}
   (You found it on level 2 of the Dungeon)

   Attacks with this weapon are significantly faster.
   It may disarm weapon-wielding foes when striking them, dealing extra damage
   in the process.
Armour
 a - a +0 robe (worn)
Magical Staves
 d - a staff of air (weapon)
   (You found it on level 1 of the Dungeon)
Wands
 m - a wand of charming (8)
   (You found it on level 5 of the Dungeon)
Scrolls
 e - a scroll of noise {unknown}
 f - a scroll of enchant armour {unknown}
 g - 2 scrolls of identify {@r1}
 h - a scroll of teleportation {unknown}
 i - a scroll of immolation {unknown}
 k - 2 scrolls of fear
 l - a scroll of amnesia {unknown}
Potions
 b - a potion of berserk rage


   Skills:
 + Level 4.5 Dodging
 + Level 3.6 Stealth
 * Level 4.6 Spellcasting


You couldn't memorise any spells.
You knew the following spells:

 Your Spells              Type           Power      Damage    Failure   Level
a - Foxfire               Conj/Fire      88%        2x1d8     1%          1
b - Scorch                Fire           44%        2d7       2%          2
c - Inner Flame           Hex/Fire       22%        N/A       5%          3
d - Conjure Flame         Conj/Fire      22%        6-21      5%          3
e - Flame Wave            Conj/Fire      22%        2d7       19%         4
f - Summon Small Mammal   Summ           88%        N/A       1%          1
g - Corpse Rot            Necr/Air       66%        N/A       2%          2
x - Stone Arrow           Conj/Erth      44%        3d9       5%          3
Your spell library was empty.

Dungeon Overview and Level Annotations

Branches:
Dungeon (5/15)             Temple (1/1) D:4

Altars:
Ashenzari
Elyvilon
Gozag
Hepliaklqana
Makhleb
Okawaru
Qazlal
Ru
Sif Muna
Trog
Uskayaw
Wu Jian
Yredelemnul
Zin
The Shining One

Shops:
D:2 [   D:3 (


Innate Abilities, Weirdness & Mutations

You are immune to sickness and miasma.
You are immune to poison.
Your flesh is very heat resistant. (rF++)
You are vulnerable to cold. (rC-)
You float through the air rather than walking.
You learn spells naturally, not from books.
Your magical power is your life essence.
You have superior vitality. (+4 MHP)


Message History

Your quokka bites the orc warrior but does no damage.
The orc warrior throws a stone.
The stone hits you.
* * * LOW HITPOINT WARNING * * *
Your quokka barely misses the orc warrior.
There is a stone staircase leading up here.
You fly upwards.
There is a stone staircase leading down here.
You start resting.
You see here a +0 hand axe.
You see here a +0 dagger.
You see here a +0 dagger.
There is a stone staircase leading down here.
You fly downwards.
There is a stone staircase leading up here.
There is a stone staircase leading up here.
You need no library to learn spells.
You reach down and open the door.
There is an open door here.
There is an open door here.
There is an open door here.
There is an open door here.
Done exploring.
Done exploring.
There is an open door here.
There is an open door here.
There is an open door here.
There is an open door here.
You conjure some foxfire!
The foxfire hits the orc warrior but does no damage.
You conjure some foxfire!
The foxfire hits the orc warrior but does no damage.
The foxfire hits the orc warrior.
The orc warrior closely misses you.
You conjure some foxfire!
The orc warrior hits you with a +0 flail!
The foxfire hits the orc warrior but does no damage. x2
The orc warrior hits you with a +0 flail.
The orc warrior hits you but does no damage.
Flames lash the orc warrior.
The orc warrior's fire resistance burns away.
The orc warrior hits you with a +0 flail!
* * * LOW HITPOINT WARNING * * *
The orc warrior hits you with a +0 flail!
* * * LOW HITPOINT WARNING * * *
There is a stone staircase leading down here.
You miscast Scorch.
You are very lightly contaminated with residual magic.
Nothing appears to happen.
* * * LOW HITPOINT WARNING * * *
The orc warrior hits you with a +0 flail!
You die...

..#........###.##
.#####..........#
..#.............#
...#............#
#....##<#####'#####
.#..###.##.##.###.##
...#...............##
...#................## #####
...#............@o...###...#
...#.......................#
#..##...##...>#.####.####..###
#..############.##.....##....#
.........#......#.......#....#
.........#......#.......#....#
.........#.........._........#
.........#......#.......#....#
.........#......#.......#....#


You could see an orc warrior (combustible).

Vanquished Creatures
  An elf zombie (D:5)
  2 elf skeletons (D:5)
  A scorpion (D:5)
  A hound (D:4)
  A bullfrog zombie (D:5)
  A bullfrog skeleton (D:5)
  A human skeleton (D:5)
  A hound skeleton (D:5)
  A howler monkey zombie (D:5)
  7 adders
  2 ufetubi
  4 orcs
  6 ball pythons
  6 bats
  4 endoplasms
  3 giant cockroaches
  5 goblins
  8 hobgoblins
  2 jackals (D:3)
  9 kobolds
  4 frilled lizards
  An orc skeleton (D:5)
  An orc zombie (D:5)
  11 rats
83 creatures vanquished.

Vanquished Creatures (collateral kills)
  6 foxfires
6 creatures vanquished.

Vanquished Creatures (others)
  A butterfly (D:5)
  246 foxfires
  13 plants (D:3)
260 creatures vanquished.

Grand Total: 349 creatures vanquished

Notes
Turn   | Place    | Note
-------+----------+-------------------------------------------
     0 | D:1      | dmks the Djinni Fire Elementalist began the quest for the
                  | Orb.
     0 | D:1      | Reached XP level 1. HP: 15/15 MP: 0/0
   226 | D:1      | Reached XP level 2. HP: 18/21 MP: 0/0
   689 | D:1      | Reached XP level 3. HP: 20/25 MP: 0/0
   689 | D:1      | Learned a level 1 spell: Summon Small Mammal
  1204 | D:2      | Found Gonedo's Armour Shoppe.
  1573 | D:2      | Found the +7 captain's cutlass {speed, disarm}
  1966 | D:3      | Reached XP level 4. HP: 12/31 MP: 0/0
  2287 | D:3      | You are sucked into a shaft and drop 2 floors!
  2287 | D:5      | Entered Level 5 of the Dungeon
  2287 | D:5      | Noticed a scorpion
  2298 | D:5      | Killed a scorpion
  2299 | D:5      | Reached XP level 5. HP: 5/35 MP: 0/0
  2299 | D:5      | Learned a level 2 spell: Corpse Rot
  2740 | D:3      | Found Epopux's Weapon Shoppe.
  3210 | D:3      | Reached XP level 6. HP: 38/40 MP: 0/0
  3252 | D:3      | Found a faded altar of an unknown god.
  3724 | D:4      | Found a staircase to the Ecumenical Temple.
  3754 | Temple   | Entered the Ecumenical Temple
  4338 | D:4      | Found a broken altar of Ashenzari.
  4490 | D:4      | Became a worshipper of Ashenzari the Shackled
  4617 | D:5      | Found a white marble altar of Elyvilon.
  4669 | D:5      | Noticed an orc warrior
  4937 | D:5      | Reached XP level 7. HP: 13/45 MP: 0/0
  4937 | D:5      | Learned a level 3 spell: Stone Arrow
  6139 | D:4      | Mangled by an orc warrior

Illustrated notes

Levels and vault maps discovered:
D:1:      enne_arrival_octagon_isle, layout_loops_ring,
          chequers_serial_rivers_small_b
D:2:      layout_rooms, serial_shops, nicolae_shop_trees
D:3:      layout_basic, serial_shops, nicolae_lakefront_shop,
          hellmonk_ecumenical_altar_inner_sanctum, corexii_corridor_pit,
          lexackson_kobold_supper
D:4:      layout_gridville, old_standard_altar, minmay_temple_entry_arrows
D:5:      layout_cave_pools, nicolae_elyvilon_peaceful_grove,
          nicolae_ossuary_entry_catacombs, uniq_sigmund
Temple:   dshaligram_water_room_temple

Skill      XL: |  1  2  3  4  5  6 |
---------------+-------------------+-----
Stealth        | 2 3 |  3.6
Spellcasting   | 3 4 |  4.6
Dodging        | 3 4 |  4.5

Action                   |  1- 3 |  4- 6 |  7- 9 || total
-------------------------+-------+-------+-------++-------
Melee: Staff             |       |     1 |       ||     1
 Cast: Foxfire           |    63 |    77 |    14 ||   154
       Scorch            |     6 |    15 |    16 ||    37
       Summon Small Mamm |     3 |       |     1 ||     4
       Corpse Rot        |       |     3 |       ||     3
  Use: Potion            |       |     3 |     1 ||     4
       Scroll            |       |     2 |       ||     2
Armor: Robe              |     1 |    11 |     5 ||    17
Dodge: Dodged            |     4 |    40 |    15 ||    59

Table legend: (Time is in decaauts)
 A = Elapsed time spent in this place.
 B = Non-inter-level travel time spent in this place.
 C = Inter-level travel time spent in this place.
 D = Time resting spent in this place.
 E = Time spent auto-exploring this place.
 F = Levels seen in this place.
 G = Mean time per level.
                   A        B        C        D        E       F      G
               +--------+--------+--------+--------+--------+-----+--------+
         Total |   6127 |   5998 |    129 |   1658 |   3136 |   6 | 1021.2 |
       Dungeon |   6001 |   5872 |    129 |   1658 |   3070 |   5 | 1200.2 |
        Temple |    126 |    126 |      0 |      0 |     66 |   1 |  126.0 |
               +--------+--------+--------+--------+--------+-----+--------+

Top non-repeatable levels by time:
     D:3: 1821 daAuts
     D:5: 1321 daAuts
     D:1: 1166 daAuts
     D:4: 1017 daAuts
     D:2: 674 daAuts
  Temple: 126 daAuts
